BSA
HENDERSONVILLE HITMEN @ NIAGARA FALLS FRENZY
03/25/2024
 
TOP OF THE 1ST
Hendersonville Hitmen batting - Pitching for Niagara Falls Frenzy : LHP Manuel Rodríguez
Pitching: LHP Manuel Rodríguez
Batting: RHB Carlos García 0-0: Ball
1-0: DOUBLE (Flyball, 89XD)
Batting: RHB Rafael González 0-0: Ground out 1-3 (Groundball, 15)
Batting: LHB Jerry Bryan 0-0: Ball
1-0: Foul Ball, location: 2F
1-1: Ball
2-1: Ball
3-1: SINGLE (Line Drive, 4MD)
Carlos García to third
Runner from 3rd tries for Home, SAFE, no throw or cutoff
Batting: RHB Manolo Román 0-0: Foul Ball, location: 2F
0-1: Foul Ball, location: 2F
0-2: Foul Ball, location: 2F
0-2: Ball
1-2: SINGLE (Line Drive, 7S)
Jerry Bryan to second
Batting: SHB Tony López 0-0: Ball
1-0: Fielders Choice at 2nd, 5-4 (Groundball, 56)
Jerry Bryan to third
Batting: RHB Robert Buckley 0-0: Called Strike
0-1: Foul Ball, location: 2F
0-2: Foul Ball, location: 2F
0-2: Strikes out swinging
Top of the 1st over - 1 run(s), 3 hit(s), 0 error(s), 2 left on base; Hendersonville 1 - Niagara Falls 0
BOTTOM OF THE 1ST
Niagara Falls Frenzy batting - Pitching for Hendersonville Hitmen : RHP Armando Pérez
Pitching: RHP Armando Pérez
Batting: LHB Seung-woo Yi 0-0: Fly out, F8 (Flyball, 8RXD)
Batting: LHB Dante Owens 0-0: Ball
1-0: Ball
2-0: Called Strike
2-1: Called Strike
2-2: Ball
3-2: Ground out 4-3 (Groundball, 4M)
Batting: LHB Donovan Bird 0-0: Called Strike
0-1: DOUBLE (Line Drive, 4MD)
Batting: SHB Shumei Yokoyama 0-0: Ball
1-0: Ball
2-0: Foul Ball, location: 2F
2-1: Ball
3-1: Fly out, F7 (Line Drive, 7D)
Bottom of the 1st over - 0 run(s), 1 hit(s), 0 error(s), 1 left on base; Hendersonville 1 - Niagara Falls 0
TOP OF THE 2ND
Hendersonville Hitmen batting - Pitching for Niagara Falls Frenzy : LHP Manuel Rodríguez
Batting: LHB José Flores 0-0: Ball
1-0: Ball
2-0: Ball
3-0: Called Strike
3-1: Ground out 4-3 (Groundball, 34)
Batting: RHB Alfredo Cortéz 0-0: Ball
1-0: Ground out 5-3 (Groundball, 56)
Batting: RHB Taylor McFarland 0-0: Called Strike
0-1: Ball
1-1: Ball
2-1: Foul Ball, location: 2F
2-2: Ball
3-2: Fly out, F9 (Flyball, 9M)
Top of the 2nd over - 0 run(s), 0 hit(s), 0 error(s), 0 left on base; Hendersonville 1 - Niagara Falls 0
BOTTOM OF THE 2ND
Niagara Falls Frenzy batting - Pitching for Hendersonville Hitmen : RHP Armando Pérez
Batting: RHB Lawrence Schroeder 0-0: Called Strike
0-1: DOUBLE (Flyball, 9LS)
Batting: SHB Martín De Jesús 0-0: Called Strike
0-1: Foul Ball, location: 2F
0-2: Ball
1-2: Strikes out swinging
Batting: RHB Eichiro Yamamoto 0-0: Called Strike
0-1: Ground out 4-3 (Groundball, 4)
Lawrence Schroeder to third
Batting: RHB Juan Carlos Rodríguez 0-0: Foul Ball, location: 2F
0-1: DOUBLE (Groundball, 3L)
Lawrence Schroeder scores
Batting: RHB Gerald Burnett 0-0: Swinging Strike
0-1: SINGLE (Flyball, 8LS)
Juan Carlos Rodríguez to third
Runner from 3rd tries for Home, throw and OUT!
Bottom of the 2nd over - 1 run(s), 3 hit(s), 0 error(s), 1 left on base; Hendersonville 1 - Niagara Falls 1
TOP OF THE 3RD
Hendersonville Hitmen batting - Pitching for Niagara Falls Frenzy : LHP Manuel Rodríguez
Batting: RHB Carlos García 0-0: Ball
1-0: Called Strike
1-1: SOLO HOME RUN (Flyball, 78XD), Distance : 437 ft
Batting: RHB Rafael González 0-0: Ball
1-0: Ball
2-0: Fly out, F4 (Popup, 4)
Batting: LHB Jerry Bryan 0-0: Ball
1-0: Called Strike
1-1: Ball
2-1: Ball
3-1: Base on Balls
Batting: RHB Manolo Román 0-0: Ball
1-0: Ball
2-0: Ball
3-0: Called Strike
3-1: SINGLE (Line Drive, 6M)
Jerry Bryan to second
Batting: SHB Tony López 0-0: Foul Ball, location: 2F
0-1: Ball
1-1: SINGLE (Flyball, 6MD)
Jerry Bryan to third
Manolo Román to second
Batting: RHB Robert Buckley 0-0: Ball
1-0: Ball
2-0: SINGLE (Line Drive, 4D)
Jerry Bryan scores
Manolo Román to third
Tony López to second
Runner from 3rd tries for Home, SAFE, no throw or cutoff
Batting: LHB José Flores 0-0: Foul Ball, location: 2F
0-1: Foul Ball, location: 2F
0-2: Ball
1-2: Strikes out swinging
Batting: RHB Alfredo Cortéz 0-0: Called Strike
0-1: Called Strike
0-2: Fly out, F8 (Line Drive, 8LD)
Top of the 3rd over - 3 run(s), 4 hit(s), 0 error(s), 2 left on base; Hendersonville 4 - Niagara Falls 1
BOTTOM OF THE 3RD
Niagara Falls Frenzy batting - Pitching for Hendersonville Hitmen : RHP Armando Pérez
Batting: LHB Seung-woo Yi 0-0: Ball
1-0: Ball
2-0: Foul Ball, location: 2F
2-1: Foul Ball, location: 2F
2-2: Ground out 4-3 (Groundball, 34)
Batting: LHB Dante Owens 0-0: Ball
1-0: Ball
2-0: Ball
3-0: Base on Balls
Batting: LHB Donovan Bird 0-0: Swinging Strike
0-1: Ground out 3-1 (Groundball, 34)
Dante Owens to second
Batting: SHB Shumei Yokoyama 0-0: Called Strike
0-1: Foul Ball, location: 2F
0-2: Ball
1-2: Strikes out swinging
Bottom of the 3rd over - 0 run(s), 0 hit(s), 0 error(s), 1 left on base; Hendersonville 4 - Niagara Falls 1
TOP OF THE 4TH
Hendersonville Hitmen batting - Pitching for Niagara Falls Frenzy : LHP Manuel Rodríguez
Batting: RHB Taylor McFarland 0-0: Called Strike
0-1: Swinging Strike
0-2: Ball
1-2: Foul Ball, location: 2F
1-2: Strikes out looking
Batting: RHB Carlos García 0-0: Called Strike
0-1: DOUBLE (Line Drive, 7D)
Batting: RHB Rafael González 0-0: Called Strike
0-1: Fly out, F3 (Popup, 3F)
Batting: LHB Jerry Bryan 0-0: Ball
1-0: Called Strike
1-1: Ball
2-1: Fly out, F8 (Flyball, 89XD)
Top of the 4th over - 0 run(s), 1 hit(s), 0 error(s), 1 left on base; Hendersonville 4 - Niagara Falls 1
BOTTOM OF THE 4TH
Niagara Falls Frenzy batting - Pitching for Hendersonville Hitmen : RHP Armando Pérez
Batting: RHB Lawrence Schroeder 0-0: Called Strike
0-1: Ball
1-1: Swinging Strike
1-2: Strikes out swinging
Batting: SHB Martín De Jesús 0-0: Ball
1-0: Foul Ball, location: 2F
1-1: Ball
2-1: SINGLE (Groundball, 4MD)
Batting: RHB Eichiro Yamamoto 0-0: Ball
1-0: Swinging Strike
1-1: Ball
2-1: Fly out, F8 (Flyball, 8LM)
Batting: RHB Juan Carlos Rodríguez 0-0: Ball
1-0: Ball
2-0: Ball
3-0: Base on Balls
Martín De Jesús to second
Batting: RHB Gerald Burnett 0-0: Ball
1-0: Swinging Strike
1-1: Fly out, F9 (Flyball, 89D)
Bottom of the 4th over - 0 run(s), 1 hit(s), 0 error(s), 2 left on base; Hendersonville 4 - Niagara Falls 1
TOP OF THE 5TH
Hendersonville Hitmen batting - Pitching for Niagara Falls Frenzy : LHP Manuel Rodríguez
Pitching: RHP Kimitada Takai
Batting: RHB Manolo Román 0-0: Called Strike
0-1: Ball
1-1: Ground out 5-3 (Groundball, 15S)
Batting: SHB Tony López 0-0: Called Strike
0-1: Ball
1-1: SINGLE (Line Drive, 7S)
Batting: RHB Robert Buckley 0-0: Ball
1-0: Ball
2-0: Swinging Strike
2-1: Foul Ball, location: 2F
2-2: Strikes out swinging
Batting: LHB José Flores 0-0: Ball
1-0: Foul Ball, location: 2F
1-1: Ball
2-1: 2-RUN HOME RUN (Flyball, 89XD), Distance : 415 ft
Batting: RHB Alfredo Cortéz 0-0: Ball
1-0: Ground out 4-3 (Groundball, 4M)
Top of the 5th over - 2 run(s), 2 hit(s), 0 error(s), 0 left on base; Hendersonville 6 - Niagara Falls 1
BOTTOM OF THE 5TH
Niagara Falls Frenzy batting - Pitching for Hendersonville Hitmen : RHP Armando Pérez
Pitching: RHP Carlos Hernández
Batting: LHB Seung-woo Yi 0-0: Called Strike
0-1: Ball
1-1: Called Strike
1-2: Strikes out swinging
Batting: LHB Dante Owens 0-0: Bunt for hit - play at first, batter OUT! 1-3
Batting: LHB Donovan Bird 0-0: Ball
1-0: TRIPLE (Groundball, 3L)
Batting: SHB Shumei Yokoyama 0-0: Foul Ball, location: 2F
0-1: Foul Ball, location: 2F
0-2: Ball
1-2: Ball
2-2: Foul Ball, location: 2F
2-2: Ball
3-2: SINGLE (Groundball, 34D)
Donovan Bird scores
Batting: RHB Lawrence Schroeder 0-0: Called Strike
0-1: Ball
1-1: Called Strike
1-2: Foul Ball, location: 2F
1-2: Ball
2-2: Ball
3-2: Foul Ball, location: 2F
3-2: Foul Ball, location: 2F
3-2: Reached on error, E1 (Groundball, 15)
Shumei Yokoyama to second
Batting: SHB Martín De Jesús 0-0: Called Strike
0-1: Foul Ball, location: 2F
0-2: Ball
1-2: Ball
2-2: Ground out 6-3 (Groundball, 6)
Bottom of the 5th over - 1 run(s), 2 hit(s), 1 error(s), 2 left on base; Hendersonville 6 - Niagara Falls 2
TOP OF THE 6TH
Hendersonville Hitmen batting - Pitching for Niagara Falls Frenzy : RHP Kimitada Takai
Batting: RHB Taylor McFarland 0-0: Ball
1-0: Called Strike
1-1: Ball
2-1: Foul Ball, location: 2F
2-2: DOUBLE (Flyball, 89M)
Pinch Hitting: SHB David Johnstone 0-0: Intentional Walk
Pinch Hitting: RHB Junior Vargas 0-0: Swinging Strike
0-1: Called Strike
0-2: Strikes out swinging
Batting: LHB Jerry Bryan 0-0: Ball
1-0: Called Strike
1-1: Ball
2-1: SINGLE (Line Drive, 4)
Taylor McFarland to third
David Johnstone to second
Pinch Hitting: RHB Jonah Duncan 0-0: Foul Ball, location: 2F
0-1: Ball
1-1: Ball
2-1: Grounds into double play, 4-6-3 (Groundball, 4)
Top of the 6th over - 0 run(s), 2 hit(s), 0 error(s), 2 left on base; Hendersonville 6 - Niagara Falls 2
BOTTOM OF THE 6TH
Niagara Falls Frenzy batting - Pitching for Hendersonville Hitmen : RHP Carlos Hernández
Now at 2B: Junior Vargas
Now at 3B: Jonah Duncan
Now in LF: David Johnstone
Batting: RHB Eichiro Yamamoto 0-0: Ball
1-0: Ball
2-0: Ground out 4-3 (Groundball, 34)
Batting: RHB Juan Carlos Rodríguez 0-0: Ball
1-0: Swinging Strike
1-1: Fly out, F8 (Line Drive, 8LM)
Batting: RHB Gerald Burnett 0-0: Called Strike
0-1: Ball
1-1: Swinging Strike
1-2: Strikes out swinging
Bottom of the 6th over - 0 run(s), 0 hit(s), 0 error(s), 0 left on base; Hendersonville 6 - Niagara Falls 2
TOP OF THE 7TH
Hendersonville Hitmen batting - Pitching for Niagara Falls Frenzy : RHP Kimitada Takai
Pitching: LHP Santiago Valentín
Pinch Hitting: LHB Terry White 0-0: Called Strike
0-1: Ball
1-1: SINGLE (Groundball, 34D)
Batting: RHB Robert Buckley 0-0: Bunted foul
0-1: Ball
1-1: Sac Bunt - play at first, batter OUT! 1-4
Terry White to second
Batting: LHB José Flores 0-0: Ball
1-0: Ball
2-0: Called Strike
2-1: Swinging Strike
2-2: SINGLE (Groundball, 5D)
Terry White to third
Runner from 3rd tries for Home, SAFE, throw made home
José Flores to second
Batting: RHB Alfredo Cortéz 0-0: Ball
1-0: Ball
2-0: Called Strike
2-1: 2-RUN HOME RUN (Flyball, 9LD), Distance : 340 ft
Pitching: RHP Alfonso Medina
Batting: RHB Taylor McFarland 0-0: Swinging Strike
0-1: SINGLE (Groundball, 5D)
Batting: SHB David Johnstone 0-0: Fly out, F7 (Flyball, 7M)
Batting: RHB Junior Vargas 0-0: 2-RUN HOME RUN (Flyball, 78XD), Distance : 421 ft
Batting: LHB Jerry Bryan 0-0: Called Strike
0-1: Ball
1-1: Ball
2-1: Foul Ball, location: 2F
2-2: Fly out, F7 (Flyball, 78D)
Top of the 7th over - 5 run(s), 5 hit(s), 0 error(s), 0 left on base; Hendersonville 11 - Niagara Falls 2
BOTTOM OF THE 7TH
Niagara Falls Frenzy batting - Pitching for Hendersonville Hitmen : RHP Carlos Hernández
Pitching: RHP Robinson Gonzáles
Now in CF: Terry White
Pinch Hitting: SHB Ray Burgess 0-0: Called Strike
0-1: Fly out, F4 (Popup, 4D)
Pinch Hitting: RHB Troy Lau 0-0: Called Strike
0-1: Ball
1-1: Called Strike
1-2: Fly out, F7 (Line Drive, 7M)
Pinch Hitting: RHB Ángel Hinojosa 0-0: Ball
1-0: Reached on error, E2 (Groundball, 2L)
Pinch Hitting: RHB Bryce Hester 0-0: Swinging Strike
0-1: Ball
1-1: Ball
2-1: Swinging Strike
2-2: Ball
3-2: Ground out 3-1 (Groundball, 34)
Bottom of the 7th over - 0 run(s), 0 hit(s), 1 error(s), 1 left on base; Hendersonville 11 - Niagara Falls 2
TOP OF THE 8TH
Hendersonville Hitmen batting - Pitching for Niagara Falls Frenzy : RHP Alfonso Medina
Now at 2B: Ángel Hinojosa
Now at SS: Bryce Hester
Now in LF: Troy Lau
Now in RF: Ray Burgess
Batting: RHB Jonah Duncan 0-0: Ball
1-0: Ball
2-0: Ground out 3-1 (Groundball, 34)
Batting: LHB Terry White 0-0: Foul Ball, location: 2F
0-1: Called Strike
0-2: Strikes out swinging
Batting: RHB Robert Buckley 0-0: Ball
1-0: Ball
2-0: Ground out 6-3 (Groundball, 6)
Top of the 8th over - 0 run(s), 0 hit(s), 0 error(s), 0 left on base; Hendersonville 11 - Niagara Falls 2
BOTTOM OF THE 8TH
Niagara Falls Frenzy batting - Pitching for Hendersonville Hitmen : RHP Robinson Gonzáles
Batting: RHB Lawrence Schroeder 0-0: Called Strike
0-1: Ball
1-1: Swinging Strike
1-2: Ball
2-2: Strikes out swinging
Batting: LHB Clyde Yarbrough 0-0: Ball
1-0: Called Strike
1-1: Ball
2-1: Ball
3-1: SINGLE (Flyball, 7S)
Batting: RHB Eichiro Yamamoto 0-0: Called Strike
0-1: Ball
1-1: Ball
2-1: Grounds into double play, 4-6-3 (Groundball, 4)
Bottom of the 8th over - 0 run(s), 1 hit(s), 0 error(s), 0 left on base; Hendersonville 11 - Niagara Falls 2
TOP OF THE 9TH
Hendersonville Hitmen batting - Pitching for Niagara Falls Frenzy : RHP Alfonso Medina
Pitching: LHP António Bueno
Batting: LHB José Flores 0-0: Ball
1-0: Swinging Strike
1-1: Ball
2-1: Foul Ball, location: 2F
2-2: Ball
3-2: SINGLE (Line Drive, 56)
Pitching: RHP Horace Thomas
Pinch Hitting: LHB Jerry Johnston 0-0: Sac Bunt - play at first, batter OUT! 5-3
José Flores to second
Pitching: RHP Nathan Thornton
Batting: RHB Taylor McFarland 0-0: Called Strike
0-1: Ground out 6-3 (Groundball, 6)
Pitching: RHP Terry Fields
Batting: SHB David Johnstone 0-0: Called Strike
0-1: Foul Ball, location: 2F
0-2: Strikes out swinging
Top of the 9th over - 0 run(s), 1 hit(s), 0 error(s), 1 left on base; Hendersonville 11 - Niagara Falls 2
BOTTOM OF THE 9TH
Niagara Falls Frenzy batting - Pitching for Hendersonville Hitmen : RHP Robinson Gonzáles
Now at C: Jerry Johnston
Pinch Hitting: RHB Juan Sánchez 0-0: Swinging Strike
0-1: Ground out 5-3 (Groundball, 5S)
Pinch Hitting: RHB Carlos Castro 0-0: Ball
1-0: Swinging Strike
1-1: DOUBLE (Flyball, 9D)
Batting: SHB Ray Burgess 0-0: Fly out, F5 (Popup, 56)
Batting: RHB Troy Lau 0-0: Called Strike
0-1: Ball
1-1: Foul Ball, location: 2F
1-2: Strikes out swinging
Bottom of the 9th over - 0 run(s), 1 hit(s), 0 error(s), 1 left on base; Hendersonville 11 - Niagara Falls 2
This league is powered by Out of the Park Baseball, the baseball management simulation game for PC, Mac and Linux
Saturday, April 9th, 2016 - OOTP Baseball 16.8 Build 38